 Dungeon Crawl Stone Soup version 0.30.0-30-g96aa6591b8 (webtiles) character file.

Game seed: 61055137624016195

94 cdecastro the Grasshopper (level 4, -2/38 HPs)
             Began as an Armataur Warper on June 27, 2023.
             Slain by Natasha (6 damage)
             ... on level 2 of the Dungeon.
             The game lasted 00:04:30 (1716 turns).

cdecastro the Grasshopper (Armataur Warper)         Turns: 1716, Time: 00:04:31

Health: -2/38      AC:  5    Str: 17    XL:     4   Next: 38%
Magic:  6/6        EV:  9    Int: 15    God:
Gold:   28         SH:  0    Dex:  9    Spells: 2/6 levels left

rFire   . . .        a - +0 mace
rCold   . . .        (no shield)
rNeg    . . .        b - +0 leather armour
rPois   .            (no helmet)
rElec   .            (no cloak)
rCorr   .            f - +0 pair of gloves
SInv    .            (no barding)
Will    +....        (no amulet)
Stlth   +            h - ring of willpower
HPRegen 0.26/turn    (no ring)
MPRegen 0.10/turn

%: roll
@: no status effects
A: large, rugged brown scales 3, deformed body, armoured tail, roll, long
tongue, awkward tongue
a: no special abilities


You were on level 2 of the Dungeon.
You visited 1 branch of the dungeon, and saw 2 of its levels.

You collected 28 gold pieces.

Inventory:

Hand Weapons
 a - a +0 mace (weapon)
Missiles
 d - 7 boomerangs of dispersal (quivered)
 g - a throwing net
 n - 9 poisoned darts
 p - 5 javelins
Armour
 b - a +0 leather armour (worn)
 e - a +0 ring mail
 f - a +0 pair of gloves (worn)
 o - a +0 scale mail
Jewellery
 h - a ring of willpower (left hand)
 m - a +6 ring of dexterity
 u - a ring of positive energy
Scrolls
 c - a scroll of blinking
 i - 3 scrolls of identify {unknown}
 j - a scroll of poison {unknown}
 q - 2 scrolls of immolation {unknown}
 s - a scroll of amnesia {unknown}
Potions
 k - a potion of brilliance {unknown}
 l - a potion of flight {unknown}
 r - a potion of berserk rage {unknown}
 t - a potion of lignification {unknown}


   Skills:
 - Level 1.7 Fighting
 + Level 2.8 Maces & Flails
 - Level 0.8 Throwing
 - Level 1.2 Armour
 - Level 1.3 Dodging
 - Level 1.7 Spellcasting
 * Level 4.6 Translocations


You had 2 spell levels left.
You knew the following spells:

 Your Spells              Type           Power      Damage    Failure   Level
a - Blink                 Tloc           30%        N/A       6%          2
b - Lesser Beckoning      Tloc           30%        N/A       6%          2

Your spell library contained the following spells:

 Spells                   Type           Power      Damage    Failure   Level
 Slow                     Hex            4%         N/A       26%         1
 Teleport Other           Tloc           15%        N/A       12%         3
 Vhi's Electric Charge    Tloc/Air       16%        N/A       30%         3
 Manifold Assault         Tloc           15%        N/A       38%         4


Dungeon Overview and Level Annotations

Branches:
Dungeon (2/15)

Altars:

Shops:
D:1 [

Annotations:
D:2 Natasha


Innate Abilities, Weirdness & Mutations

You are completely covered in rugged brown scales. (AC +3, +7% HP)
Armour fits poorly on your strangely shaped body.
You have a long armoured tail.
You roll when moving toward enemies. (Rampage)
Your long tongue fully drains potion bottles. (2x potion effects)
Your tongue gives you trouble enunciating. (1.5x scroll delay)


Message History

You hit Natasha. You tail-slap Natasha!
Natasha is severely wounded.
Natasha drinks a potion.
Natasha is healed!
You hit Natasha.
Natasha is moderately wounded.
Natasha closely misses you.
Natasha extends her claws.
Natasha claws you!
You hit Natasha.
Your tail-slap misses Natasha.
Natasha is heavily wounded.
Natasha drinks a potion.
Natasha is healed!
You closely miss Natasha. Natasha claws you.
You barely miss Natasha. Natasha claws you.
* * * LOW HITPOINT WARNING * * *
You hit Natasha.
Your tail-slap misses Natasha.
Natasha is moderately wounded.
Natasha misses you.
Natasha casts a spell.
You closely miss Natasha.
Natasha is moderately wounded.
Natasha casts a spell at you. The magic dart hits you.
* * * LOW HITPOINT WARNING * * *
You sock Natasha!
Natasha is severely wounded.
The cerulean imp closely misses you. Natasha barely misses you.
You barely miss Natasha.
Natasha is severely wounded.
The cerulean imp hits you from afar with a +2 spear.
* * * LOW HITPOINT WARNING * * *
Natasha barely misses you.
The cerulean imp hits you from afar with a +2 spear.
* * * LOW HITPOINT WARNING * * *
You miss Natasha.
Natasha is severely wounded.
Natasha claws you but does no damage.
The cerulean imp hits you from afar with a +2 spear.
* * * LOW HITPOINT WARNING * * *
Natasha claws you.
You die...

####.## #.# #...# #.# # #.....#
#.# #.### #.# # #.###.### #.#
#.# ###.### #.# #...# #.# #.#
#...##. #.###.#.# #.# #.#
#.#.... #.....#.#####)# #.#
#....#. #..###.....##.###.#
#...... #..###[###.....##.###
#....## .......#
#.##...@.5.#######.#.##
#..###.###.###.##h#.........#.#
#..........###.##.###...###.#.#
##.##########...#.# #.......#.#
#.#..............# #...#####.#
#.#.######.......# ##.## #.#
##.#.# #.......# #.# .# ...#.#
##.......####.# #..#.#
#...........>.#


You could see Natasha and a cerulean imp (summoned).

Vanquished Creatures
  Natasha (twice) (D:2)
  2 worms (D:2)
  4 ball pythons
  5 endoplasms
  2 giant cockroaches (D:2)
  3 goblins
  4 hobgoblins
  3 jackals (D:1)
  3 kobolds
  A bat (D:1)
  4 frilled lizards (D:1)
  5 rats
38 creatures vanquished.

Notes
Turn   | Place    | Note
-------+----------+-------------------------------------------
     0 | D:1      | cdecastro the Armataur Warper began the quest for the Orb.
     0 | D:1      | Reached XP level 1. HP: 18/18 MP: 3/3
   239 | D:1      | Reached XP level 2. HP: 25/25 MP: 4/4
   315 | D:1      | Found Lonymo's Armour Emporium.
   501 | D:1      | Learned a level 2 spell: Blink
   504 | D:1      | Learned a level 2 spell: Lesser Beckoning
   732 | D:1      | Found a faded altar of an unknown god.
   739 | D:1      | Got Plato's Tome of the Curse
   882 | D:2      | Reached XP level 3. HP: 31/31 MP: 5/5
  1109 | D:2      | Reached skill level 4 in Translocations
  1289 | D:2      | Noticed Natasha
  1304 | D:2      | Killed Natasha
  1482 | D:2      | Noticed Natasha
  1509 | D:2      | Killed Natasha
  1510 | D:2      | Reached XP level 4. HP: 28/38 MP: 6/6
  1695 | D:2      | Noticed Natasha
  1716 | D:2      | Slain by Natasha

Illustrated notes

Levels and vault maps discovered:
D:1:      lemuel_arrival_muddy, layout_basic,
          shapermc_ecumenical_altar_rom_forum, serial_shops,
          nicolae_shop_pleasant_corner_grove, minmay_tromino_v4_b
D:2:      layout_loops_ring, uniq_natasha

Skill      XL: |  1  2  3 |
---------------+----------+-----
Maces & Flails | 2 |  2.8
Translocations | 4 |  4.6
Fighting       | |  1.7
Throwing       | |  0.8
Armour         | |  1.2
Dodging        | |  1.3
Spellcasting   | |  1.7

Action                     |  1- 3 |  4- 6 || total
---------------------------+-------+-------++-------
  Melee: Mace              |   137 |    16 ||   153
         Tailslap          |     8 |     2 ||    10
         Punch             |     2 |       ||     2
   Cast: Lesser Beckoning  |     7 |       ||     7
 Armour: Leather armour    |    56 |     2 ||    58
  Dodge: Dodged            |    78 |     6 ||    84
